 Dungeon Crawl Stone Soup version 0.22.0-40-g68aacdc (webtiles) character file.

258 Gildeon the Skirmisher (level 6, 0/39 HPs)
             Began as a Gargoyle Fighter on Sept 1, 2018.
             Killed from afar by an orc wizard (7 damage)
             ... with a puff of flame
             ... on level 4 of the Dungeon.
             The game lasted 00:09:51 (2622 turns).

Gildeon the Skirmisher (Gargoyle Fighter)           Turns: 2622, Time: 00:09:52

Health: 0/39       AC: 12    Str: 20    XL:     6   Next: 16%
Magic:  6/6        EV:  7    Int:  9    God:
Gold:   182        SH:  9    Dex: 10    Spells: 5/5 levels left

rFire    . . .     SeeInvis .   a - +0 flail
rCold    . . .     Gourm    .   c - +0 shield
rNeg     + . .     Faith    .   b - +0 scale mail
rPois    ∞         Spirit   .   (no helmet)
rElec    +         Reflect  .   (no cloak)
rCorr    .         Harm     .   r - +0 pair of gloves
MR       .....                  (no boots)
Stlth    ..........             (no amulet)
HPRegen  0.13/turn              (no ring)
MPRegen  0.10/turn              (no ring)

@: no status effects
A: negative energy resistance 1, electricity resistance, unbreathing,
petrification resistance, rot immunity, AC +4
a: no special abilities


You were on level 4 of the Dungeon.
You were not hungry.

You visited 1 branch of the dungeon, and saw 4 of its levels.

You collected 182 gold pieces.

Inventory:

Hand Weapons
 a - a +0 flail (weapon)
Missiles
 e - a throwing net (quivered)
Armour
 b - a +0 scale mail (worn)
 c - a +0 shield (worn)
 r - a +0 pair of gloves (worn)
Wands
 g - a wand of random effects (30)
Scrolls
 l - a scroll of magic mapping
 n - a scroll of enchant weapon {unknown}
 o - 2 scrolls of teleportation {unknown}
 q - a scroll of remove curse
Potions
 d - a potion of might
 h - 2 potions of lignification
 i - 2 potions of cancellation
 j - 2 potions of curing
 m - 2 potions of mutation
 p - a potion of haste {unknown}
 s - a potion of heal wounds {unknown}
Comestibles
 f - 8 rations
 k - 7 chunks of flesh


   Skills:
 + Level 4.4 Fighting
 * Level 4.1 Maces & Flails
 + Level 4.3 Armour
 - Level 0.3 Dodging
 + Level 4.3 Shields


You had 5 spell levels left.
You didn't know any spells.
Your spell library was empty.

Dungeon Overview and Level Annotations

Branches:
Dungeon (4/15)
 Temple: D:4-7

Altars:
Trog


Innate Abilities, Weirdness & Mutations

You are resistant to torment.
Your stone body is resilient. (AC +4)
You are immune to poison.
You resist negative energy. (rN+)
You are resistant to electric shocks. (rElec)
You can survive without breathing.
You are immune to petrification.
You are immune to rotting.


Message History

The orc wizard gestures at you while chanting.
The magic dart hits you!
Your shield and scale mail prevent you from hitting the orc wizard.
The orc wizard is heavily wounded.
You block the orc wizard's attack. x2
You closely miss the orc wizard.
The orc wizard is heavily wounded.
The orc wizard gestures at you while chanting.
The magic dart hits you!
* * * LOW HITPOINT WARNING * * *
The orc wizard hits you but does no damage.
Your shield and scale mail prevent you from hitting the orc wizard.
The orc wizard is heavily wounded.
You block the orc wizard's attack.
The orc wizard hits you but does no damage.
You closely miss the orc wizard.
The orc wizard is moderately wounded.
The orc wizard casts a spell at you. The puff of flame hits you!
You die...

*,,,,,,#..# #.#*,,,**,,,,,,,,,,
*,,*,*,#..###.####.#*,,,,,,,,**
*,,*,*,#<.......[..#*,,,,,,,,**
*,,*,*,#######.######*****,,,,,
*,,,,*,#..............,,,+,,,,,
*,****,#.#.....#######****,,,,,
*,,,,*,*,##.#### *,,,,,
****,,,*,*#....# *,,,,,
*,,,*,*####@# *,,,,,
*,#.#.#####o# *,,,,,
****+#...ooo)oo#**********,,,,,
*,,,,.....oo####*,,,,,,,,*,,,,,
*,,,,.......* *,,,,,,,,*,,,,,
*,,,,.......* *,,,,,,,,******
*,,,,.>.....* *,,,,,,,,******
*,,,,.......* *,,,,,,,,,,,,,,
*,,,,.......* ***,,,,,,,,,,,,,,


You could see an orc wizard and 2 orcs.

Vanquished Creatures
  An orc priest (D:3)
  2 orc wizards (D:3)
  4 gnolls (D:3)
  3 adders
  An ooze (D:3)
  2 dart slugs
  2 leopard geckos
  9 orcs
  5 giant cockroaches
  16 goblins
  10 hobgoblins
  4 quokkas
  10 bats
  2 frilled lizards (D:2)
  12 kobolds
  9 rats
92 creatures vanquished.

Notes
Turn   | Place    | Note
-------+----------+-------------------------------------------
     0 | D:1      | Gildeon the Gargoyle Fighter began the quest for the Orb.
     0 | D:1      | Reached XP level 1. HP: 14/14 MP: 1/1
    88 | D:1      | Reached XP level 2. HP: 19/19 MP: 2/2
   588 | D:1      | Reached XP level 3. HP: 23/23 MP: 3/3
  1233 | D:2      | Reached XP level 4. HP: 20/29 MP: 4/4
  1910 | D:3      | Reached XP level 5. HP: 33/33 MP: 5/5
  2378 | D:3      | Found a bloodstained altar of Trog.
  2513 | D:3      | Reached XP level 6. HP: 39/39 MP: 6/6
  2622 | D:4      | Killed from afar by an orc wizard

Skill      XL: |  1  2  3  4  5 |
---------------+----------------+-----
Maces & Flails | 3 4 |  4.1
Armour         | 4 |  4.3
Fighting       | 4 |  4.4
Shields        | 4 |  4.3
Dodging        | |  0.3

Action                   |  1- 3 |  4- 6 || total
-------------------------+-------+-------++-------
Melee: Flail             |   128 |   215 ||   343
  Use: Scroll            |       |     7 ||     7
  Eat: Chunk             |     1 |     5 ||     6
Armor: Scale mail        |    84 |   146 ||   230
Dodge: Dodged            |    58 |    63 ||   121
Block: Shield            |    72 |   126 ||   198
